 Dungeon Crawl Stone Soup version 0.17-a0-186-g8d083fd (webtiles) character file.

179 squibie the Magician (level 5, -2/28 HPs)
             Began as a Deep Elf Wizard on Mar 27, 2015.
             Hit by a tomahawk of returning thrown by an orc (6 damage)
             ... on level 4 of the Dungeon.
             The game lasted 00:06:54 (2360 turns).

squibie the Magician (Deep Elf Wizard)              Turns: 2360, Time: 00:06:54

Health: -2/28      AC:  3    Str:  4    XL:     5   Next: 33%
Magic:  4/19       EV: 12    Int: 24    God:
Gold:   181        SH:  0    Dex: 13    Spells: 5 memorised, 4 levels left

rFire  . . .     SeeInvis .     s - +0 spear
rCold  . . .     Clarity  .     a - +0 robe
rNeg   . . .     SustAb   .     (no shield)
rPois  .         Gourm    .     b - +0 hat
rElec  .         Spirit   .     f - +0 cloak
rCorr  .         Warding  .     (no gloves)
rMut   .         Stasis   .     (no boots)
MR     .....                    (no amulet)
Stlth  ++........               (no ring)
                                (no ring)

@: very slightly contaminated, not resistant to hostile enchantments, unstealthy
A: no striking features
a: no special abilities


You were on level 4 of the Dungeon.
You were not hungry.

You visited 1 branch of the dungeon, and saw 4 of its levels.

You collected 181 gold pieces.

Inventory:

Hand weapons
 k - a +0 short sword
 s - a +0 spear (weapon)
Missiles
 g - a throwing net (quivered)
Armour
 a - a +0 robe (worn)
 b - a +0 hat (worn)
 f - a +0 cloak (worn)
Scrolls
 e - a scroll of fog {unknown}
 i - a scroll of noise {unknown}
 l - a scroll of magic mapping {unknown}
 n - a scroll of random uselessness {unknown}
 o - a scroll of immolation {unknown}
 p - 2 scrolls of enchant weapon {unknown}
 q - a scroll of teleportation {unknown}
 v - a scroll of fear {unknown}
 x - a scroll of identify {unknown}
 y - a scroll of amnesia {unknown}
 z - a scroll of blinking {unknown}
Potions
 h - a potion of invisibility {unknown}
 j - a potion of curing {unknown}
 m - a potion of poison {unknown}
 r - a potion of cancellation {unknown}
Books
 c - a book of Minor Magic

   Spells                             Type                      Level
   a - Magic Dart                     Conjuration                  1
   b - Blink                          Translocation                2
   c - Call Imp                       Summoning                    2
   d - Repel Missiles                 Charms/Air                   2
   e - Slow                           Hexes                        2
   f - Conjure Flame                  Conjuration/Fire             3
   g - Mephitic Cloud                 Conjuration/Poison/Air       3
Comestibles
 d - 2 bread rations
 t - a beef jerky
 u - 2 meat rations
 w - 5 fruits


   Skills:
 - Level 2.4 Dodging
 - Level 2.4 Stealth
 + Level 5.0 Spellcasting
 - Level 2.9 Conjurations
 - Level 3.0 Charms
 - Level 2.5 Summonings
 - Level 2.5 Translocations
 - Level 1.0 Air Magic


You had 4 spell levels left.
You knew the following spells:

 Your Spells              Type           Power        Failure   Level  Hunger
a - Magic Dart            Conj           ###.         2%          1    None
b - Blink                 Tloc           N/A          6%          2    None
c - Call Imp              Summ           ###.....     6%          2    None
d - Repel Missiles        Chrm/Air       ###...       8%          2    None
e - Mephitic Cloud        Conj/Pois/Air  ##......     17%         3    ##.....


Dungeon Overview and Level Annotations

Branches:
Dungeon (4/15)
 Temple: D:4-7

Altars:
Makhleb
The Shining One


Message History

Press: ? - help, Shift-Dir - straight line, f/p - orc priest
Aim: an orc priest, wielding a hand axe (severely wounded)
The magic dart hits the orc priest.
You kill the orc priest!
Your Spellcasting skill increases to level 5!
The orc hits you with a whip. The orc barely misses you.
The orc hits you from afar with a trident.
Casting: Magic Dart
Confirm with . or Enter, or press ? or * to list all spells.
A metallic apparition takes form in the air.
The orc hits you with a whip.
The orc hits you from afar with a trident!
* * * LOW HITPOINT WARNING * * *
The orc hits you but does no damage.
The rat completely misses something.
Found 27 stones.
A worker ant and an orc come into view.
The orc shouts!
The orc throws a tomahawk of returning.
The tomahawk of returning hits you.
You die...

#................#
#...............)..
#...................
#........$.......#.
##....5r........##
##.oa..##.....
###o### ##.
#o###.a... #@....#
...o.....#####
......... ........#.
#.......### #....#.#
....#.# ...#(# ...


You could see 2 worker ants, 4 orcs and a friendly iron imp.

Vanquished Creatures
  An orc wizard (D:3)
  An orc priest (D:4)
  Natasha (twice) (D:3)
  2 adders
  A worm (D:2)
  2 giant geckos (D:1)
  4 orcs (D:3)
  12 bats
  5 giant cockroaches
  6 hobgoblins
  3 jackals (D:2)
  10 kobolds
  3 giant newts
  4 goblins
  2 quokkas
  3 rats
61 creatures vanquished.

Notes
Turn   | Place    | Note
--------------------------------------------------------------
     0 | D:1      | squibie, the Deep Elf Wizard, began the quest for the Orb.
     0 | D:1      | Reached XP level 1. HP: 10/10 MP: 6/6
   144 | D:1      | Reached XP level 2. HP: 15/15 MP: 4/9
   519 | D:1      | Found a glowing golden altar of the Shining One.
   586 | D:1      | Learned a level 2 spell: Blink
   589 | D:1      | Learned a level 2 spell: Call Imp
   674 | D:1      | Learned a level 2 spell: Repel Missiles
   772 | D:2      | Reached XP level 3. HP: 19/19 MP: 0/12
  1048 | D:2      | Reached skill level 1 in Charms
  1463 | D:3      | Found a burning altar of Makhleb.
  1526 | D:3      | Reached XP level 4. HP: 22/24 MP: 8/15
  1838 | D:3      | Noticed Natasha
  1848 | D:3      | Killed Natasha
  1848 | D:3      | Reached XP level 5. HP: 21/28 MP: 7/18
  2230 | D:3      | Noticed Natasha
  2238 | D:3      | Killed Natasha
  2238 | D:3      | Reached skill level 1 in Air Magic
  2254 | D:3      | Learned a level 3 spell: Mephitic Cloud
  2352 | D:4      | Reached skill level 5 in Spellcasting
  2360 | D:4      | Hit by a tomahawk of returning thrown by an orc

Action                   |  1- 3 |  4- 6 || total
-------------------------+-------+-------++-------
Melee: Short sword       |    10 |       ||    10
       Spear             |       |    10 ||    10
 Cast: Magic Dart        |    94 |    59 ||   153
       Blink             |       |     3 ||     3
       Call Imp          |       |     1 ||     1
  Eat: Chunk             |     2 |     1 ||     3
       Fruit             |       |     1 ||     1
